 Dungeon Crawl Stone Soup version 0.31-a0-344-gd109795599 (webtiles) character file.

Game seed: 11115029541090389762

6579 drugrobin the Basher (level 10, -3/79 HPs)
             Began as a Demigod Delver on July 21, 2023.
             Slain by a gnoll
             ... wielding a +0 whip
              (7 damage)
             ... on level 9 of the Dungeon on July 22, 2023.
             The game lasted 00:34:13 (8197 turns).

drugrobin the Basher (Demigod Delver)               Turns: 8197, Time: 00:34:13

Health: -3/79      AC:  8    Str: 31    XL:     10   Next: 43%
Magic:  19/19      EV: 13    Int: 12    God:
Gold:   134        SH:  4    Dex: 19    Spells: 12/17 levels left

rFire   . . .        a - +0 whip (elec)
rCold   . . .        O - +0 buckler
rNeg    . . .        r - +2 robe "Xyic Gem" {Dex+4}
rPois   +            H - +2 helmet
rElec   .            (no cloak)
rCorr   .            C - +0 pair of gloves
SInv    .            (no boots)
Will    +....        n - amulet of regeneration
Stlth   +++          u - ring of poison resistance
HPRegen 1.13/turn    K - +6 ring of strength
MPRegen 0.16/turn

%: no passive effects
@: hasted, very quick
A: high MP 1, forlorn, divine attributes
a: no special abilities


You were on level 9 of the Dungeon.
You visited 1 branch of the dungeon, and saw 9 of its levels.

You collected 441 gold pieces.
You spent 307 gold pieces at shops.

Inventory:

Hand Weapons
 a - a +0 whip of electrocution (weapon)
 b - a +2 dagger of venom
 c - a +0 flail of protection
 d - a +0 heavy flail
 z - a +5 dire flail
Missiles
 s - 4 boomerangs of dispersal
 x - 6 poisoned darts
 D - 6 curare-tipped darts
 N - 7 throwing nets
 R - 6 boomerangs (quivered)
Armour
 r - the +2 robe "Xyic Gem" (worn) {Dex+4}
   (You found it on level 2 of the Dungeon)

   Dex:       It affects your dexterity (+4).
 C - a +0 pair of gloves (worn)
 F - a +3 scale mail
 H - a +2 helmet (worn)
 O - a +0 buckler (worn)
 P - +0 swamp dragon scales
 Q - +0 acid dragon scales
Jewellery
 n - an amulet of regeneration (around neck)
 u - a ring of poison resistance (left hand)
 E - a ring of protection from cold
 K - a +6 ring of strength (right hand)
Wands
 g - a wand of digging (3)
 i - a wand of iceblast (13)
 m - a wand of paralysis (11)
 y - a wand of flame (13)
Scrolls
 e - a scroll of amnesia
 l - 4 scrolls of poison
 p - 2 scrolls of brand weapon
 t - 3 scrolls of fog
 v - 6 scrolls of teleportation
 w - a scroll of silence
 B - 2 scrolls of enchant armour
 J - a scroll of acquirement {unknown}
 L - a scroll of immolation
 M - 2 scrolls of revelation
Potions
 h - 3 potions of enlightenment
 j - a potion of magic {unknown}
 k - 2 potions of degeneration {unknown}
 o - 6 potions of heal wounds {unknown}
 q - 8 potions of curing {unknown}
 A - a potion of attraction {unknown}
 G - a potion of cancellation {unknown}
 I - 2 potions of invisibility {unknown}
 S - a potion of might {unknown}


   Skills:
 - Level 4.2 Fighting
 + Level 12.8 Maces & Flails
 - Level 3.7 Dodging
 - Level 4.5 Stealth
 + Level 4.2 Spellcasting
 - Level 4.0 Evocations


You had 12 spell levels left.
You knew the following spells:

 Your Spells              Type           Power      Damage    Failure   Level
a - Mephitic Cloud        Conj/Pois/Air  2%         N/A       61%         3
b - Wereblood             Tmut           2%         N/A       36%         2

Your spell library contained the following spells:

 Spells                   Type           Power      Damage    Failure   Level
 Sting                    Tmut/Pois      8%         1d3       26%         1
 Poisonous Vapours        Pois/Air       4%         N/A       36%         2
 Sublimation of Blood     Necr           2%         N/A       36%         2
 Ozocubu's Armour         Ice            2%         N/A       61%         3
 Anguish                  Hex/Necr       1%         N/A       95%         4
 Cause Fear               Hex            1%         N/A       95%         4
 Olgreb's Toxic Radiance  Pois           2%         N/A       95%         4
 Freezing Cloud           Conj/Ice/Air   1%         6-21      100%        5
 Enfeeble                 Hex            1%         N/A       100%        7
 Ozocubu's Refrigeration  Ice            1%         4d7       100%        7
 Summon Hydra             Summ           1%         N/A       100%        7


Dungeon Overview and Level Annotations

Branches:
Dungeon (9/15)             Temple (0/1) D:6             Orc (0/2) D:9
   Lair: D:8-11

Shops:
D:4 (*   D:5 *   D:6 ?

Annotations:
D:5 2 transporters, Savior361's ghost, novice MfSh
D:6 3 runed translucent doors, HotCheetoh's ghost, novice MiFi
D:8 1 runed translucent door, Erica; Newt's ghost, novice BaFi
D:9 Gastronok; Harold; Psyche


Innate Abilities, Weirdness & Mutations

You have an increased reservoir of magic. (+10% MP)
You shall have no god before yourself.
Your divine heritage dramatically boosts your attributes as you level up.


Message History

The kobold brigand is severely wounded.
The ogre misses you.
Unknown command.
Unknown command.
You closely miss the kobold brigand.
The kobold brigand is severely wounded.
The kobold brigand misses you. You block the orc warrior's attack.
Unknown command.
You whack the kobold brigand!
The kobold brigand is almost dead.
The kobold brigand hits you with a +0 short sword.
The ogre hits you with a +0 giant club!!
* * * LOW HITPOINT WARNING * * *
The gnoll sergeant barely misses you.
Unknown command.
Unknown command.
Unknown command.
Okay, then.
The kobold brigand hits you with a +0 short sword.
* * * LOW HITPOINT WARNING * * *
The orc misses you.
Unknown command.
Unknown command.
Unknown command.
You feel yourself speed up. You block the kobold brigand's attack.
The gnoll sergeant hits you from afar with a +0 spear.
* * * LOW HITPOINT WARNING * * *
The orc hits you but does no damage.
Unknown command.
Unknown command.
Unknown command.
Unknown command.
Unknown command.
The orc hits you but does no damage.
The kobold brigand hits you but does no damage.
The gnoll hits you but does no damage.
Unknown command.
Unknown command.
The gnoll hits you with a +0 whip!
You die...

#.....##..#...#....#..... .##.#
#.....##.##.#......# .... ...#
#.....##.g....K^...##.... ....
#........##.##g..........$ ##.#
#...#######.##.g...#.......##.#
#...#8.gg8#O##Oo...#...........
#...#.gggK#g#.oK.#.# .!.$.###..
#...#KKoKOK.#.g..#.###.. ###
###g#.gog.#)#K@....>######## ##
#..#8Oog8#.#.g...#........###.
##.########.#....#########.....
#..##..##........# ###...#
#..(...g...##....# #....##
########...####### #....# #.#.#
#########....## #...#
#....##........ #...##
#.......#....##


You could see an orc warrior, 3 kobold brigands, an ogre, a gnoll sergeant, 3
gnolls and an orc.

Vanquished Creatures
  Pikel (D:4)
  Maggie (D:8)
  A wyvern (D:6)
  5 yaks (D:8)
  Grum (D:7)
  2 steam dragons
  An acid dragon (D:8)
  2 water moccasins
  2 sky beasts (D:7)
  Duvessa (D:5)
  3 orc warriors
  4 centaurs
  3 ogres (D:3)
  4 wolves
  2 lemures (D:4)
  2 phantoms
  Blork the orc (D:5)
  4 gnoll sergeants (D:8)
  10 wights
  Dowan (D:5)
  The ghost of garrulousMonolith the Trooper, a weakling HOFi (D:3)
  9 killer bees
  A howler monkey (D:4)
  12 hounds
  5 jellies
  4 gnoll boudas
  4 orc priests
  2 iguanas
  3 orc wizards
  34 gnolls
  4 adders
  2 white imps
  An ufetubus (D:7)
  2 worms
  4 dart slugs
  16 orcs
  6 endoplasms
  2 giant cockroaches
  2 goblins
  8 hobgoblins
  10 jackals
  5 kobolds
  2 quokkas
  6 ball pythons
  5 bats
  2 frilled lizards
  4 rats
207 creatures vanquished.

Vanquished Creatures (others)
  A gnoll (D:9)
1 creature vanquished.

Grand Total: 208 creatures vanquished

Notes
Turn   | Place    | Note
-------+----------+-------------------------------------------
     0 | D:5      | drugrobin the Demigod Delver began the quest for the Orb.
     0 | D:5      | Reached XP level 1. HP: 18/18 MP: 3/3
     4 | D:5      | Found Fueng's Assorted Antiques.
    17 | D:5      | Noticed an iguana
    17 | D:5      | Noticed a jelly
    58 | D:3      | Reached skill level 2 in Maces & Flails
   259 | D:1      | Reached XP level 2. HP: 17/25 MP: 4/4
   333 | D:1      | Reached skill level 3 in Maces & Flails
   560 | D:1      | Reached XP level 3. HP: 30/30 MP: 5/5
  1039 | D:2      | Identified the +2 robe "Xyic Gem" {Dex+4}
  1678 | D:3      | Noticed an ogre
  1678 | D:3      | Noticed garrulousMonolith's ghost (weakling HOFi)
  1679 | D:3      | Found a transporter.
  1679 | D:3      | Noticed an ogre
  1684 | D:3      | Noticed an ogre
  1686 | D:3      | Found a transporter.
  1863 | D:3      | Reached skill level 4 in Maces & Flails
  2061 | D:4      | Reached XP level 4. HP: 37/37 MP: 6/6
  2295 | D:3      | Reached skill level 5 in Maces & Flails
  2295 | D:3      | Reached XP level 5. HP: 17/42 MP: 7/7
  2568 | D:4      | Found Wixy's Weapon Shoppe.
  2928 | D:4      | Reached skill level 6 in Maces & Flails
  2936 | D:4      | Reached XP level 6. HP: 48/50 MP: 8/8
  2974 | D:4      | Found Haugus's Assorted Antiques.
  3136 | D:5      | Noticed Duvessa
  3214 | D:5      | Noticed Blork the orc
  3237 | D:5      | Noticed a water moccasin
  3260 | D:5      | Killed Blork the orc
  3396 | D:4      | Reached skill level 7 in Maces & Flails
  3429 | D:5      | Noticed Savior361's ghost (novice MfSh)
  3434 | D:5      | Noticed a steam dragon
  3449 | D:4      | Learned a level 3 spell: Mephitic Cloud
  3534 | D:4      | Killed a water moccasin
  3535 | D:4      | Reached XP level 7. HP: 49/56 MP: 9/9
  3671 | D:5      | Noticed Pikel
  3773 | D:5      | Noticed Dowan
  3832 | D:4      | Killed Pikel
  3833 | D:4      | Reached skill level 9 in Maces & Flails
  3876 | D:5      | Found a transporter.
  3879 | D:5      | Found a transporter.
  4034 | D:5      | Killed Dowan
  4094 | D:5      | Killed Duvessa
  4095 | D:5      | Reached XP level 8. HP: 7/62 MP: 10/10
  4226 | D:6      | Found a runed translucent gate.
  4227 | D:6      | Found a runed translucent gate.
  4228 | D:6      | Found a runed translucent gate.
  4230 | D:6      | Noticed HotCheetoh's ghost (novice MiFi)
  4339 | D:6      | Found Weph's Magic Scroll Shoppe.
  4380 | D:6      | Bought a scroll of brand weapon for 114 gold pieces
  4380 | D:6      | Bought a scroll of teleportation for 36 gold pieces
  4380 | D:6      | Bought a scroll of identify for 24 gold pieces
  4380 | D:6      | Bought a scroll of enchant armour for 90 gold pieces
  4522 | D:6      | Found a staircase to the Ecumenical Temple.
  4739 | D:6      | Noticed a spectral unseen horror
  5030 | D:3      | Reached skill level 10 in Maces & Flails
  5042 | D:3      | Killed garrulousMonolith's ghost
  5183 | D:5      | Bought 2 golden potions for 43 gold pieces
  5260 | D:6      | Reached skill level 1 in Evocations
  5542 | D:7      | Reached skill level 11 in Maces & Flails
  5569 | D:7      | Reached XP level 9. HP: 30/63 MP: 11/11
  6186 | D:8      | Noticed Maggie
  6252 | D:8      | Reached skill level 12 in Maces & Flails
  6300 | D:8      | Noticed Grum
  6306 | D:7      | Reached skill level 1 in Spellcasting
  6425 | D:7      | Killed Grum
  6566 | D:8      | Found a runed translucent door.
  6571 | D:8      | Noticed Newt's ghost (novice BaFi)
  6571 | D:8      | Identified the +7 trident of the New World {spect, rF+}
  7005 | D:8      | Reached XP level 10. HP: 70/78 MP: 16/16
  7151 | D:8      | Killed Maggie
  7661 | D:8      | Noticed Erica
  7874 | D:9      | Noticed Psyche
  7909 | D:9      | Noticed Gastronok
  7976 | D:9      | Learned a level 2 spell: Wereblood
  7988 | D:9      | Noticed Harold
  8132 | D:9      | Found a staircase to the Orcish Mines.
  8194 | D:9      | HP: 2/79 [gnoll sergeant/+0 spear (6)]
  8197 | D:9      | Slain by a gnoll

Illustrated notes

Levels and vault maps discovered:
D:1:      ebering_trefoil_twist, layout_rooms
D:2:      layout_basic, basic_altar, serial_bayou_pond_a, minmay_bisected
D:3:      layout_loops_ring, gammafunk_ghost_smash
D:4:      layout_loops_ring, serial_shops, kennysheep_mini_moat,
          nicolae_shop_scrapyard, grunt_decor_mini_mirrors, dreamdust_gnoll_farm
D:5:      layout_rooms, serial_shops, nicolae_diamond_shop,
          gammafunk_ghost_arena, minmay_starry_boxes, uniq_blork_the_orc,
          uniq_duvessa, uniq_pikel
D:6:      layout_gridville, tgw_sif, kennysheep_mini,
          minmay_temple_entry_gardened_gates, gammafunk_ghost_necromancy,
          serial_shops, nicolae_stop_n_shop_2
D:7:      layout_rooms
D:8:      layout_cave_pools, mainiacjoe_overflow_concentric_impassable,
          fedhas_altar_1, nicolae_overflow_quartered_altars,
          ebering_ghost_funeral_grove, serial_gnoll_camp,
          gnoll_camp_mini_doghouse, gnoll_camp_medium_01,
          gnoll_camp_mini_doghouse, gnoll_camp_huts_basic, gnoll_camp_mini_hut,
          uniq_erica, uniq_maggie, uniq_grum
D:9:      layout_rooms, kennysheep_orc_monster_closet_entryway, uniq_harold,
          uniq_gastronok, uniq_psyche

Skill      XL: |  1  2  3  4  5  6  7  8  9 10 |
---------------+-------------------------------+-----
Maces & Flails | 2 3 4 5 6 7 9 11 12 | 12.8
Evocations     | 3 4 |  4.0
Dodging        | 3 |  3.7
Fighting       | 3 4 |  4.2
Spellcasting   | 2 4 |  4.2
Stealth        | |  4.5

Action                     |  1- 3 |  4- 6 |  7- 9 | 10-12 || total
---------------------------+-------+-------+-------+-------++-------
  Melee: Mace              |    56 |    29 |       |       ||    85
         Punch             |     1 |     1 |     5 |       ||     7
         Dagger            |    66 |    98 |    71 |    13 ||   248
         Flail             |       |    14 |    19 |       ||    33
         Whip              |       |       |   231 |   161 ||   392
         Dire flail        |       |       |    60 |       ||    60
  Throw: Dart              |       |    13 |     9 |     1 ||    23
         Boomerang         |       |       |     1 |     1 ||     2
   Cast: Mephitic Cloud    |       |       |     3 |       ||     3
  Evoke: Wand              |     1 |     1 |    11 |     3 ||    16
    Use: Scroll            |       |     1 |     4 |     1 ||     6
         Potion            |       |       |       |     1 ||     1
   Stab: Sleeping          |     9 |     1 |     1 |     3 ||    14
         Distracted        |       |     1 |     1 |       ||     2
         Paralysed         |       |       |     3 |     4 ||     7
         Confused          |       |       |     1 |       ||     1
 Armour: Leather armour    |    32 |       |       |       ||    32
         Robe              |     8 |    33 |    70 |    30 ||   141
  Dodge: Dodged            |    80 |   111 |   185 |    74 ||   450
  Block: Buckler           |       |       |     3 |    20 ||    23

Table legend: (Time is in decaauts)
 A = Elapsed time spent in this place.
 B = Non-inter-level travel time spent in this place.
 C = Inter-level travel time spent in this place.
 D = Time resting spent in this place.
 E = Time spent auto-exploring this place.
 F = Levels seen in this place.
 G = Mean time per level.
                   A        B        C        D        E       F      G
               +--------+--------+--------+--------+--------+-----+--------+
         Total |   8022 |   7418 |    604 |    568 |   3955 |   9 |  891.3 |
       Dungeon |   8022 |   7418 |    604 |    568 |   3955 |   9 |  891.3 |
               +--------+--------+--------+--------+--------+-----+--------+

Top non-repeatable levels by time:
     D:8: 1360 daAuts
     D:4: 1164 daAuts
     D:5: 1038 daAuts
     D:7: 934 daAuts
     D:2: 898 daAuts
     D:6: 876 daAuts
     D:3: 861 daAuts
     D:1: 531 daAuts
     D:9: 357 daAuts
